 Dungeon Crawl Stone Soup version 0.28-a0-1429-gf3d713df7a (webtiles) character file.

Game seed: 13481028305741329323

547 YayAnonymity the Vandal (level 7, -9/50 HPs)
             Began as a Demonspawn Hunter on Jan 9, 2022.
             Mangled by Duvessa (13 damage)
             ... on level 4 of the Dungeon.
             The game lasted 00:09:47 (3857 turns).

YayAnonymity the Vandal (Demonspawn Hunter)         Turns: 3857, Time: 00:09:48

Health: -9/50      AC:  4    Str: 14    XL:     7   Next: 7%
Magic:  7/7        EV: 15    Int: 12    God:
Gold:   179        SH:  0    Dex: 16    Spells: 6/6 levels left

rFire   . . .      SeeInvis .   a - +1 hunting sling
rCold   . . .      Faith    .   (no shield)
rNeg    . . .      Spirit   .   t - +0 leather armour {Will+}
rPois   .          Reflect  .   o - +0 helmet
rElec   .          Harm     .   (no cloak)
rCorr   +          Rampage  .   (no gloves)
Will    +....                   (no boots)
Stlth   +++.......              (no amulet)
HPRegen 0.96/turn               (no ring)
MPRegen 0.10/turn               i - ring of resist corrosion

@: no status effects
A: repulsion field 2, demonic magic 1, hooves 1, camouflage 1, agile 1,
regeneration 1
a: no special abilities


You were on level 4 of the Dungeon.
You visited 2 branches of the dungeon, and saw 5 of its levels.

You collected 179 gold pieces.

Inventory:

Hand Weapons
 a - a +1 hunting sling (weapon)
 b - a +0 short sword
Missiles
 d - 22 sling bullets
 g - 54 stones (quivered ammo)
 j - 12 poisoned darts
 q - 5 curare-tipped darts
Armour
 o - a +0 helmet (worn)
 t - a +0 leather armour of willpower (worn)
Jewellery
 i - a ring of resist corrosion (right hand)
 w - a +6 ring of dexterity
Scrolls
 c - a scroll of magic mapping
 e - a scroll of fog {unknown}
 k - a scroll of noise
 l - a scroll of enchant armour {unknown}
 r - a scroll of amnesia {unknown}
 v - a scroll of teleportation {unknown}
Potions
 f - a potion of mutation
 h - a potion of might
 m - a potion of invisibility {unknown}
 p - a potion of heal wounds
 s - a potion of degeneration {unknown}
 u - a potion of curing {unknown}


   Skills:
 - Level 2.0 Fighting
 * Level 7.2 Slings
 - Level 3.0 Dodging
 - Level 2.0 Stealth


You had 6 spell levels left.
You didn't know any spells.
Your spell library contained the following spells:

 Spells                   Type           Power      Damage    Failure   Level
 Sandblast                Erth           0%         2d4       38%         1
 Passwall                 Tmut/Erth      0%         N/A       54%         2
 Stone Arrow              Conj/Erth      0%         3d7       77%         3


Dungeon Overview and Level Annotations

Branches:
Dungeon (4/15)             Temple (1/1) D:4

Altars:
Cheibriados
Elyvilon
Gozag
Kikubaaqudgha
Makhleb
Nemelex Xobeh
Okawaru
Vehumet
Yredelemnul
Zin
The Shining One

Shops:
D:4 ::?

Annotations:
D:3 1 runed translucent door, Crazy Yiuf
D:4 exclusions: 2 orcs and orc priest, Duvessa


Innate Abilities, Weirdness & Mutations

You are surrounded by a moderate repulsion field. (EV +3)
Spells you cast may paralyse adjacent enemies.
You have large cloven feet.
Your skin changes colour to match your surroundings (Stealth+).
You are agile. (Dex +2)
Your natural rate of healing is unusually fast.


Message History

You shoot a stone.
The stone hits Duvessa but does no damage.
Duvessa is moderately wounded.
Duvessa hits you with a +4 short sword!
* * * LOW HITPOINT WARNING * * *
Duvessa hits you with a +4 short sword!
* * * LOW HITPOINT WARNING * * *
Fire: 59 stones
Press: ? - help, Q - select action, (/) - cycle Shift-Dir - straight line, f/p - Duvessa
Aim: Duvessa, wielding a +4 short sword and wearing a +0 chain mail (moderately wounded, berserk, fast, 75% to hit)
You shoot a stone. The stone closely misses Duvessa.
Duvessa barely misses you.
You feel much better. Duvessa hits you with a +4 short sword!
Duvessa barely misses you.
You are too injured to fight recklessly!
You are too injured to fight recklessly!
Fire: 58 stones
Press: ? - help, Q - select action, (/) - cycle Shift-Dir - straight line, f/p - Duvessa
Aim: Duvessa, wielding a +4 short sword and wearing a +0 chain mail (moderately wounded, berserk, fast, 75% to hit)
You shoot a stone. The stone closely misses Duvessa.
Duvessa hits you with a +4 short sword!
Fire: 57 stones
Press: ? - help, Q - select action, (/) - cycle Shift-Dir - straight line, f/p - Duvessa
Aim: Duvessa, wielding a +4 short sword and wearing a +0 chain mail (moderately wounded, berserk, fast, 75% to hit)
You shoot a stone. The stone hits Duvessa!
Duvessa is heavily wounded.
Duvessa hits you with a +4 short sword!
* * * LOW HITPOINT WARNING * * *
Fire: 56 stones
Press: ? - help, Q - select action, (/) - cycle Shift-Dir - straight line, f/p - Duvessa
Aim: Duvessa, wielding a +4 short sword and wearing a +0 chain mail (heavily wounded, berserk, fast, 75% to hit)
You shoot a stone. The stone hits Duvessa!
Duvessa is heavily wounded.
Duvessa barely misses you.
Fire: 55 stones
Press: ? - help, Q - select action, (/) - cycle Shift-Dir - straight line, f/p - Duvessa
Aim: Duvessa, wielding a +4 short sword and wearing a +0 chain mail (heavily wounded, berserk, fast, 75% to hit)
You shoot a stone. The stone barely misses Duvessa.
Duvessa barely misses you. Duvessa hits you with a +4 short sword!
You die...

≈≈≈≈≈......#**#####...########..†
≈≈≈.....##+###****#'''########...
≈[[............,,,#..........#...
...........##.#+*,##.........#...
...........#*,+∩+,*#.........#...
##.........#**#+##*#.........#...
#.........# #..# #.........#...
#.........# #..###.........#...
########### #e@............###'
#)#########....# #. #(# #....# #.
****#(#**#######..## #.
*,,,..(,,.........# #.
**,*..(#.,########.# #.
*,,.#.#.((,,,,,,,#.####.
*,...∩,.,##*****,#......
*..,#.*.,,,,,,,,,#######


You could see Duvessa (berserk, fast).

Vanquished Creatures
  3 scorpions (D:4)
  Dowan (D:4)
  A jelly (D:4)
  A howler monkey (D:3)
  A hound (D:4)
  An orc priest (D:4)
  Jessica (D:3)
  4 adders
  An ufetubus (D:4)
  2 adder skeletons (D:4)
  2 worms
  5 dart slugs
  10 orcs
  4 ball pythons
  4 endoplasms
  3 giant cockroaches
  7 goblins
  6 hobgoblins
  3 jackals (D:1)
  6 kobolds
  8 quokkas
  10 bats
  2 frilled lizards
  12 rats
98 creatures vanquished.

Vanquished Creatures (others)
  12 fungi (D:4)
12 creatures vanquished.

Grand Total: 110 creatures vanquished

Notes
Turn   | Place    | Note
-------+----------+-------------------------------------------
     0 | D:1      | YayAnonymity the Demonspawn Hunter began the quest for the
                  | Orb.
     0 | D:1      | Reached XP level 1. HP: 16/16 MP: 1/1
    32 | D:1      | Reached skill level 1 in Stealth
   119 | D:1      | Gained mutation: You are surrounded by a mild repulsion
                  | field. (EV +2) [demonic ancestry]
   119 | D:1      | Reached XP level 2. HP: 22/22 MP: 2/2
   369 | D:1      | Reached skill level 4 in Slings
   732 | D:1      | Reached XP level 3. HP: 27/27 MP: 3/3
  1027 | D:1      | Found a faded altar of an unknown god.
  1679 | D:2      | Gained mutation: You are agile. (Dex +2) [potion of
                  | mutation]
  1679 | D:2      | Gained mutation: Your skin changes colour to match your
                  | surroundings (Stealth+). [potion of mutation]
  1679 | D:2      | Gained mutation: You have large cloven feet. [potion of
                  | mutation]
  1679 | D:2      | Gained mutation: Your natural rate of healing is unusually
                  | fast. [potion of mutation]
  1697 | D:2      | Reached XP level 4. HP: 13/33 MP: 4/4
  1974 | D:3      | Noticed Jessica
  1977 | D:3      | Killed Jessica
  2240 | D:3      | Found a runed translucent door.
  2241 | D:3      | Noticed Crazy Yiuf
  2296 | D:3      | Reached skill level 5 in Slings
  2343 | D:3      | Found an opulent altar of Gozag.
  2396 | D:3      | Gained mutation: Spells you cast may paralyse adjacent
                  | enemies. [demonic ancestry]
  2396 | D:3      | Reached XP level 5. HP: 38/38 MP: 5/5
  2802 | D:4      | Found Noclo's Book Emporium.
  2895 | D:4      | Gained mutation: You are surrounded by a moderate repulsion
                  | field. (EV +3) [demonic ancestry]
  2895 | D:4      | Reached XP level 6. HP: 38/44 MP: 6/6
  2969 | D:4      | Found a sparkling altar of Nemelex Xobeh.
  2987 | D:4      | Reached skill level 6 in Slings
  3217 | D:4      | Found a staircase to the Ecumenical Temple.
  3371 | Temple   | Entered the Ecumenical Temple
  3608 | D:4      | Reached skill level 7 in Slings
  3750 | D:4      | Found Bejeofol's Magic Scroll Boutique.
  3829 | D:4      | Found Nuutaq's Book Boutique.
  3833 | D:4      | Noticed Dowan
  3837 | D:4      | Noticed Duvessa
  3848 | D:4      | Killed Dowan
  3849 | D:4      | Reached XP level 7. HP: 33/50 MP: 7/7
  3851 | D:4      | HP: 2/50 [Duvessa (13)]
  3857 | D:4      | Mangled by Duvessa

Illustrated notes

Levels and vault maps discovered:
D:1:      onia_arrival_handbag, layout_basic,
          dreamdust_ecumenical_altar_hidden_monk_grotto
D:2:      layout_rooms, hangedman_decor_points
D:3:      layout_rooms, mainiacjoe_overflow_small_starburst,
          palyth_stone_intersect, uniq_jessica, uniq_crazy_yiuf_cottage
D:4:      old_forge, layout_basic, nemelex_altar_shiori, temple_pool_b,
          serial_shops, nicolae_shop_trees, shop, nicolae_shop_behind_doors,
          nicolae_shop_advertising_works [nicolae_subvault_shop_adworks],
          uniq_duvessa
Temple:   jpeg_temple_island

Skill      XL: |  1  2  3  4  5  6 |
---------------+-------------------+-----
Stealth        | 1 2 |  2.0
Dodging        | 2 3 |  3.0
Slings         | 4 5 7 |  7.2
Fighting       | |  2.0

Action                   |  1- 3 |  4- 6 |  7- 9 || total
-------------------------+-------+-------+-------++-------
Melee: Short sword       |    29 |    40 |       ||    69
       Kick              |     1 |     7 |       ||     8
 Fire: Hunting sling     |    96 |   202 |     8 ||   306
  Use: Potion            |     1 |       |     1 ||     2
       Scroll            |       |     4 |       ||     4
 Stab: Sleeping          |       |     3 |       ||     3
Armor: Leather armour    |     6 |    33 |       ||    39
Dodge: Dodged            |    45 |   140 |     5 ||   190

Table legend: (Time is in decaauts)
 A = Elapsed time spent in this place.
 B = Non-inter-level travel time spent in this place.
 C = Inter-level travel time spent in this place.
 D = Time resting spent in this place.
 E = Time spent auto-exploring this place.
 F = Levels seen in this place.
 G = Mean time per level.
                   A        B        C        D        E       F      G
               +--------+--------+--------+--------+--------+-----+--------+
         Total |   3880 |   3637 |    243 |     12 |   2685 |   5 |  776.0 |
       Dungeon |   3649 |   3415 |    234 |     12 |   2476 |   4 |  912.2 |
        Temple |    231 |    222 |      9 |      0 |    209 |   1 |  231.0 |
               +--------+--------+--------+--------+--------+-----+--------+

Top non-repeatable levels by time:
     D:1: 1247 daAuts
     D:3: 858 daAuts
     D:4: 813 daAuts
     D:2: 729 daAuts
  Temple: 231 daAuts
